 Dungeon Crawl Stone Soup version 0.28.0-49-g6dfe1f597d (webtiles) character file.

Game seed: 11266427025091607648

21 Zeld the Shield-Bearer (level 3, -4/30 HPs)
             Began as a Formicid Fighter on May 18, 2022.
             Slain by an ice beast (7 damage)
             ... on level 2 of the Dungeon.
             The game lasted 00:00:47 (444 turns).

Zeld the Shield-Bearer (Formicid Fighter)            Turns: 444, Time: 00:00:47

Health: -4/30      AC:  6    Str: 22    XL:     3   Next: 2%
Magic:  3/3        EV:  9    Int:  7    God:
Gold:   31         SH:  4    Dex: 10    Spells: 2/2 levels left

rFire   . . .      SeeInvis +   a - +0 war axe
rCold   . . .      Faith    .   c - +0 buckler
rNeg    . . .      Spirit   .   b - +0 scale mail
rPois   .          Reflect  .   (helmet unavailable)
rElec   .          Harm     .   (no cloak)
rCorr   .          Rampage  .   (no gloves)
Will    .....                   (no boots)
Stlth   ..........              (no amulet)
HPRegen 0.10/turn               (no ring)
MPRegen 0.08/turn               (no ring)

@: mighty
A: permanent stasis, dig shafts and tunnels, antennae 3, four strong arms
a: Dig, Shaft Self


You were on level 2 of the Dungeon.
You visited 1 branch of the dungeon, and saw 3 of its levels.

You collected 31 gold pieces.

Inventory:

Hand Weapons
 a - a +0 war axe (weapon)
Armour
 b - a +0 scale mail (worn)
 c - a +0 buckler (worn)
Scrolls
 e - a scroll of blinking {unknown}
 f - a scroll of identify {unknown}


   Skills:
 * Level 3.7 Fighting
 * Level 2.4 Axes
 + Level 3.5 Armour
 + Level 3.8 Shields


You had 2 spell levels left.
You didn't know any spells.
Your spell library was empty.

Dungeon Overview and Level Annotations

Branches:
Dungeon (3/15)

Altars:


Innate Abilities, Weirdness & Mutations

You cannot be hasted, slowed, berserked, paralysed or teleported.
You can dig through walls and to a lower floor.
You have a pair of large antennae on your head. (SInv)
Your four strong arms can wield two-handed weapons with a shield.


Message History

You feel stronger. x2
You block the kobold's attack.
You hit the kobold.
You kill the kobold!
No target in view!
There is a stone staircase leading down here.
No target in view!
You can't go down here!
There is a stone staircase leading down here.
You climb downwards.
There is a stone staircase leading up here.
You now have 31 gold pieces (gained 6).
Found a stone staircase leading down.
You sense a monster nearby.
There is a stone staircase leading down here.
An ice beast comes into view.
Found 13 gold pieces.
An ice beast is nearby!
Okay, then.
You feel very mighty all of a sudden.
The ice beast hits you but does no damage.
You hit the ice beast.
The ice beast is lightly wounded.
The ice beast hits you. The ice beast freezes you!
You slash the ice beast!
The ice beast is moderately wounded.
The ice beast hits you but does no damage. x2
You closely miss the ice beast.
The ice beast is moderately wounded.
The ice beast hits you. The ice beast freezes you!
* * * LOW HITPOINT WARNING * * *
There is a stone staircase leading down here.
There is a stone staircase leading up here.
The ice beast closely misses you.
You climb upwards.
There is a stone staircase leading down here.
The ice beast hits you.
* * * LOW HITPOINT WARNING * * *
The ice beast freezes you!
You die...

#.........†............###
#.#...##########..........
##...[..# #......####
#..(...# #......###.
##.....# #..........
#.....# #..........
#>....# #.....†....
#.....# #..........
#...Y@# ######.....
#.....# #..... #.#####
#..... #.# #..... #.#
#....# #.# #....# #.#
#....# #....# #....#


You could see an ice beast.

Vanquished Creatures
  2 dart slugs
  2 giant cockroaches
  2 jackals (D:2)
  2 kobolds
  A quokka (D:1)
  3 bats
  2 frilled lizards (D:2)
  2 rats
16 creatures vanquished.

Notes
Turn   | Place    | Note
-------+----------+-------------------------------------------
     0 | D:1      | Zeld the Formicid Fighter began the quest for the Orb.
     0 | D:1      | Reached XP level 1. HP: 18/18 MP: 1/1
   139 | D:1      | Reached XP level 2. HP: 23/24 MP: 2/2
   353 | D:2      | Reached XP level 3. HP: 30/30 MP: 3/3
   401 | D:3      | Noticed an ice beast
   407 | D:3      | HP: 1/30 [ice beast (14)]
   444 | D:2      | Slain by an ice beast

Illustrated notes

Levels and vault maps discovered:
D:1:      dpeg_arrival_ternary, layout_basic, hellmonk_ecumenical_altar_blasted
D:2:      layout_basic
D:3:      layout_loops_cross, nicolae_gozag_cash_rules_everything_around_me,
          amcnicky_altar_gilded, uniq_robin

Action                   || total
-------------------------++-------
Melee: War axe           ||    40
  Use: Potion            ||     1
Armor: Scale mail        ||    25
Dodge: Dodged            ||    32
Block: Buckler           ||    10
